 Dungeon Crawl Stone Soup version 0.30.1-11-g7821555f0a (webtiles) character file.

Game seed: 6263399991178354555

27 Okkudo the Chopper (level 3, -5/33 HPs)
             Began as a Hill Orc Monk on Dec 10, 2023.
             Slain by Sigmund
             ... wielding a +0 scythe
              (8 damage)
             ... on level 2 of the Dungeon.
             The game lasted 00:02:20 (755 turns).

Okkudo the Chopper (Hill Orc Monk)                   Turns: 755, Time: 00:02:20

Health: -5/33      AC:  2    Str: 15    XL:     3   Next: 10%
Magic:  3/3        EV: 12    Int: 10    God:
Gold:   103        SH:  0    Dex: 13    Spells: 2/2 levels left

rFire   . . .        a - +0 hand axe
rCold   . . .        d - orb {light}
rNeg    . . .        b - +0 robe
rPois   .            (no helmet)
rElec   .            (no cloak)
rCorr   .            (no gloves)
SInv    .            (no boots)
Will    .....        (no amulet)
Stlth   +            (no ring)
HPRegen 0.25/turn    (no ring)
MPRegen 0.08/turn

%: no passive effects
@: glowing
A: no striking features
a: no special abilities


You were on level 2 of the Dungeon.
You visited 1 branch of the dungeon, and saw 2 of its levels.

You collected 103 gold pieces.

Inventory:

Hand Weapons
 a - a +0 hand axe (weapon)
Missiles
 f - 6 atropa-tipped darts (quivered)
Armour
 b - a +0 robe (worn)
 d - an orb of light (worn)
Scrolls
 e - 2 scrolls of identify {unknown}
 g - a scroll of vulnerability {unknown}


   Skills:
 - Level 3.9 Fighting
 * Level 5.1 Axes
 - Level 2.6 Dodging


You had 2 spell levels left.
You didn't know any spells.
Your spell library contained the following spells:

 Spells                   Type           Power      Damage    Failure   Level
 Leda's Liquefaction      Hex/Erth       0%         N/A       98%         4
 Lee's Rapid Deconstruct  Erth           0%         3d4*      100%        5
 Statue Form              Tmut/Erth      0%         N/A       100%        6


Dungeon Overview and Level Annotations

Branches:
Dungeon (2/15)

Altars:

Annotations:
D:2 Sigmund


Message History

The endoplasm freezes you.
You are frozen.
You hit the endoplasm.
You kill the endoplasm!
Okay, then.
Sigmund screams, "Die, monster!"
Sigmund casts a spell at you. The puff of flame hits you!
* * * LOW HITPOINT WARNING * * *
You slash Sigmund!
Sigmund is moderately wounded.
Sigmund hits you with a +0 scythe.
* * * LOW HITPOINT WARNING * * *
You hit Sigmund.
Sigmund is heavily wounded.
You are confused.
You feel invigorated.
Sigmund breathes a few words.
Sigmund's hands start flickering wildly.
Sigmund hits you with a +0 scythe.
* * * LOW HITPOINT WARNING * * *
You closely miss Sigmund.
Sigmund is heavily wounded.
Sigmund points at you and mumbles some strange words.
The puff of flame hits you!
* * * LOW HITPOINT WARNING * * *
Sigmund gestures at you while chanting. You resist with significant effort.
Sigmund hits you with a +0 scythe.
* * * LOW HITPOINT WARNING * * *
You aren't carrying any potions.
Unknown command.
You feel less invigorated.
You feel less confused. Sigmund hits you with a +0 scythe!
* * * LOW HITPOINT WARNING * * *
You hit Sigmund.
Sigmund is heavily wounded.
Sigmund hits you with a +0 scythe!
You die...

...###....#####.######
......................
.#.........##.....#######
.#.#######.#.............
.#.# ##+#.............
.#.# ............#...
.#.# .......<.?.......
.... ......##@##.##.###
#.. .........@........ #.
......##.#########
#.#....... ## ###.## #.#
#.# #.# #.#


You could see Sigmund.

Vanquished Creatures
  2 endoplasms
  A giant cockroach (D:1)
  5 goblins (D:1)
  2 hobgoblins (D:1)
  3 ball pythons (D:1)
  A bat (D:1)
  7 kobolds (D:1)
  3 rats (D:1)
24 creatures vanquished.

Notes
Turn   | Place    | Note
-------+----------+-------------------------------------------
     0 | D:1      | Okkudo the Hill Orc Monk began the quest for the Orb.
     0 | D:1      | Reached XP level 1. HP: 19/19 MP: 1/1
    86 | D:1      | Reached XP level 2. HP: 27/27 MP: 2/2
   239 | D:1      | Found a faded altar of an unknown god.
   447 | D:1      | Reached skill level 5 in Axes
   447 | D:1      | Reached XP level 3. HP: 32/33 MP: 3/3
   733 | D:2      | Noticed Sigmund
   755 | D:2      | Slain by Sigmund

Illustrated notes

Levels and vault maps discovered:
D:1:      saegor_arrival_simple_d, layout_basic,
          dreamdust_ecumenical_altar_angels_and_demons, corexii_hall_statues_l
D:2:      layout_basic, basic_altar, kennysheep_generic_room_11, uniq_jessica,
          uniq_sigmund

Skill      XL: |  1  2 |
---------------+-------+-----
Axes           | 5 |  5.1
Fighting       | |  3.9
Dodging        | |  2.6

Action                     || total
---------------------------++-------
  Melee: Hand axe          ||    59
    Use: Potion            ||     1
 Armour: Robe              ||     8
  Dodge: Dodged            ||    30
